SKY
SEATTLE MARINERS @ SAN FRANCISCO GIANTS
04/24/2052
 
TOP OF THE 1ST
Seattle Mariners batting - Pitching for San Francisco Giants : RHP Kyle Murphy
Pitching: RHP Kyle Murphy
Batting: RHB Alexis Loya 0-0: Called Strike
0-1: Foul Ball, location: 7LSF, Error on foul ball, E7
0-2: Strikes out swinging
Batting: LHB Dickie Pierce 0-0: Ball
1-0: Ground out 6-3 (Groundball, 6S, EV 79.4 MPH)
Batting: RHB Jacob Cole 0-0: Swinging Strike
0-1: Foul Ball, location: 2F
0-2: Ball
1-2: Ball
2-2: Fly out, F5 (Popup, 5S, EV 80.6 MPH)
Top of the 1st over - 0 runs, 0 hits, 1 error, 0 left on base; Seattle 0 - San Francisco 0
BOTTOM OF THE 1ST
San Francisco Giants batting - Pitching for Seattle Mariners : RHP Errol Medrano
Pitching: RHP Errol Medrano
Batting: RHB Kaiden Clackum 0-0: Ball
1-0: Ball
2-0: Called Strike
2-1: Foul Ball, location: 5F
2-2: Fly out, F3 (Popup, 23F, EV 75.6 MPH)
Batting: RHB Nolan Peterson 0-0: Foul Ball, location: 7LSF
0-1: Ball
1-1: Called Strike
1-2: Ground out 6-3 (Groundball, 6, EV 80.6 MPH)
Batting: LHB Jeff Edelman 0-0: Called Strike
0-1: Ground out 4-3 (Groundball, 34, EV 106.3 MPH)
Bottom of the 1st over - 0 runs, 0 hits, 0 errors, 0 left on base; Seattle 0 - San Francisco 0
TOP OF THE 2ND
Seattle Mariners batting - Pitching for San Francisco Giants : RHP Kyle Murphy
Batting: LHB Norman Visser 0-0: Foul Ball, location: 25FF
0-1: Ball
1-1: SINGLE (Groundball, 2L, EV 72.5 MPH) (infield hit)
Batting: RHB Bobby Brundage 0-0: Foul Ball, location: 5FF
0-1: Swinging Strike
Balk!
Norman Visser to second
0-2: Ball
1-2: Ball
2-2: 2-RUN HOME RUN (Flyball, 9LD, EV 89.4 MPH), Distance : 342 ft
Batting: LHB Kent Niemann 0-0: Called Strike
0-1: Ball
1-1: Foul Ball, location: 2F
1-2: Strikes out swinging
Batting: RHB Norm Walker 0-0: Ball
1-0: Called Strike
1-1: Foul Ball, location: 2F
1-2: Ball
2-2: Ball
3-2: Strikes out swinging
Batting: SHB Hugo Castillo 0-0: Called Strike
0-1: Called Strike
0-2: SINGLE (Groundball, 34D, EV 97.5 MPH)
Batting: RHB Ty Moss 0-0: Called Strike
0-1: Ball
1-1: Called Strike
1-2: Ground out 6-3 (Groundball, 56, EV 110.6 MPH)
Top of the 2nd over - 2 runs, 3 hits, 0 errors, 1 left on base; Seattle 2 - San Francisco 0
BOTTOM OF THE 2ND
San Francisco Giants batting - Pitching for Seattle Mariners : RHP Errol Medrano
Batting: RHB Theodore Phu 0-0: Ground out 5-3 (Groundball, 56, EV 79.4 MPH)
Batting: RHB Zavier Austin 0-0: Ball
1-0: Ball
2-0: Swinging Strike
2-1: DOUBLE (Line Drive, 9LM, EV 105.6 MPH)
Batting: RHB Solomon Ding 0-0: Ball
1-0: Foul Ball, location: 2F
1-1: DOUBLE (Flyball, 8LXD, EV 96.3 MPH)
Zavier Austin scores
Batting: RHB Jackson Maul 0-0: Ball
1-0: Ground out U3 (Groundball, 34, EV 86.9 MPH)
Solomon Ding to third
Batting: RHB Rhett Damewood 0-0: Ball
1-0: Called Strike
1-1: Ground out 5-3 (Groundball, 56S, EV 85.6 MPH)
Bottom of the 2nd over - 1 run, 2 hits, 0 errors, 1 left on base; Seattle 2 - San Francisco 1
TOP OF THE 3RD
Seattle Mariners batting - Pitching for San Francisco Giants : RHP Kyle Murphy
Batting: RHB Alexis Loya 0-0: Ball
1-0: Called Strike
1-1: Swinging Strike
1-2: Ball
2-2: Strikes out looking
Batting: LHB Dickie Pierce 0-0: Ball
1-0: Swinging Strike
1-1: Ball
2-1: Ball
3-1: Foul Ball, location: 5F
3-2: Fly out, F8 (Flyball, 8LD, EV 89.4 MPH)
Batting: RHB Jacob Cole 0-0: DOUBLE (Line Drive, 78D, EV 107.5 MPH)
Batting: LHB Norman Visser 0-0: Ball
1-0: Foul Ball, location: 9LDF
1-1: Ball
2-1: Fly out, F7 (Flyball, 7D, EV 107.5 MPH)
Top of the 3rd over - 0 runs, 1 hit, 0 errors, 1 left on base; Seattle 2 - San Francisco 1
BOTTOM OF THE 3RD
San Francisco Giants batting - Pitching for Seattle Mariners : RHP Errol Medrano
Batting: SHB Elías Saucedo 0-0: Ball
1-0: Ball
2-0: Ball
3-0: Called Strike
3-1: Swinging Strike
3-2: SINGLE (Groundball, 15, EV 67.5 MPH) (infield hit)
Batting: RHB Kaiden Clackum 0-0: Called Strike
Elías Saucedo steals 2nd base
0-1: Ball
1-1: Sac Bunt to 2R - play at first, batter OUT! 2-3
Elías Saucedo to third
Batting: RHB Nolan Peterson 0-0: Ball
1-0: Swinging Strike
1-1: Ball
2-1: Called Strike
2-2: Ball
3-2: Strikes out swinging
Batting: LHB Jeff Edelman 0-0: Foul Ball, location: 2F
0-1: Called Strike
0-2: Ball
1-2: Ball
2-2: Ball
3-2: Foul Ball, location: 2F
3-2: Base on Balls
Batting: RHB Theodore Phu 0-0: Ball
1-0: Swinging Strike
1-1: Foul Ball, location: 23F
1-2: Strikes out looking
Bottom of the 3rd over - 0 runs, 1 hit, 0 errors, 2 left on base; Seattle 2 - San Francisco 1
TOP OF THE 4TH
Seattle Mariners batting - Pitching for San Francisco Giants : RHP Kyle Murphy
Batting: RHB Bobby Brundage 0-0: Ground out 5-3 (Groundball, 5D, EV 100.6 MPH)
Batting: LHB Kent Niemann 0-0: Ball
1-0: Ground out 4-3 (Groundball, 4, EV 106.3 MPH)
Batting: RHB Norm Walker 0-0: Foul Ball, location: 9LSF
0-1: Foul Ball, location: 3DF
0-2: Foul Ball, location: 2F
0-2: Ball
1-2: Ball
2-2: Foul Ball, location: 9LSF
2-2: Ball
3-2: Ground out 4-3 (Groundball, 4, EV 83.1 MPH)
Top of the 4th over - 0 runs, 0 hits, 0 errors, 0 left on base; Seattle 2 - San Francisco 1
BOTTOM OF THE 4TH
San Francisco Giants batting - Pitching for Seattle Mariners : RHP Errol Medrano
Batting: RHB Zavier Austin 0-0: Called Strike
0-1: Ground out 5-3 (Groundball, 56, EV 81.9 MPH)
Batting: RHB Solomon Ding 0-0: Ball
1-0: Foul Ball, location: 3DF
1-1: Foul Ball, location: 2F
1-2: Foul Ball, location: 2F
1-2: Ball
2-2: Ball
3-2: SINGLE (Line Drive, 8RS, EV 105.6 MPH)
Batting: RHB Jackson Maul 0-0: Ball
1-0: Ball
Passed Ball!
Solomon Ding to second
2-0: Swinging Strike
2-1: Ball
3-1: Base on Balls
Batting: RHB Rhett Damewood 0-0: Foul Ball, location: 2F
0-1: Called Strike
0-2: Strikes out looking
Batting: SHB Elías Saucedo 0-0: Foul Ball, location: 9LMF
0-1: Ball
1-1: Foul Ball, location: 3F
1-2: Foul Ball, location: 5F
1-2: Foul Ball, location: 2F
1-2: Foul Ball, location: 7LSF
1-2: Ball
2-2: Strikes out swinging
Bottom of the 4th over - 0 runs, 1 hit, 0 errors, 2 left on base; Seattle 2 - San Francisco 1
TOP OF THE 5TH
Seattle Mariners batting - Pitching for San Francisco Giants : RHP Kyle Murphy
Batting: SHB Hugo Castillo 0-0: Foul Ball, location: 2F
0-1: Fly out, F6 (Line Drive, 6MD, EV 69.4 MPH)
Batting: RHB Ty Moss 0-0: Swinging Strike
0-1: Ball
1-1: Swinging Strike
1-2: Ball
2-2: Ball
3-2: Foul Ball, location: 3F
3-2: Strikes out swinging
Pitching: RHP R.C. Grigsby
Batting: RHB Alexis Loya 0-0: Called Strike
0-1: Called Strike
0-2: Ball
1-2: Strikes out swinging, 2-3 out at first.
Top of the 5th over - 0 runs, 0 hits, 0 errors, 0 left on base; Seattle 2 - San Francisco 1
BOTTOM OF THE 5TH
San Francisco Giants batting - Pitching for Seattle Mariners : RHP Errol Medrano
Batting: RHB Kaiden Clackum 0-0: Called Strike
0-1: Ball
1-1: SINGLE (Line Drive, 7S, EV 92.5 MPH)
Batting: RHB Nolan Peterson 0-0: Bunted foul
0-1: Foul Ball, location: 25F
0-2: Ball
1-2: Fly out, F8 (Flyball, 8LXD, EV 108.8 MPH)
Batting: LHB Jeff Edelman 0-0: SINGLE (Line Drive, 6D, EV 94.4 MPH)
Kaiden Clackum to second
Batting: RHB Theodore Phu 0-0: Called Strike
0-1: Foul Ball, location: 2F
0-2: Ball
1-2: Ball
2-2: Foul Ball, location: 2F
2-2: Grounds into double play, 4-6-3 (Groundball, 4M, EV 89.4 MPH)
Bottom of the 5th over - 0 runs, 2 hits, 0 errors, 1 left on base; Seattle 2 - San Francisco 1
TOP OF THE 6TH
Seattle Mariners batting - Pitching for San Francisco Giants : RHP R.C. Grigsby
Batting: LHB Dickie Pierce 0-0: Swinging Strike
0-1: TRIPLE (Line Drive, 9D, EV 98.8 MPH)
Batting: RHB Jacob Cole 0-0: Ball
1-0: Ball
2-0: Foul Ball, location: 2F
2-1: Ball
3-1: DOUBLE (Line Drive, 89M, EV 95.6 MPH)
Dickie Pierce scores
Batting: LHB Norman Visser 0-0: Ball
1-0: Ground out U3 (Groundball, 34S, EV 91.9 MPH)
Jacob Cole to third
Batting: RHB Bobby Brundage 0-0: Ball
1-0: Foul Ball, location: 9LSF
1-1: Ball
2-1: Called Strike
2-2: Ball
3-2: Foul Ball, location: 3FF
3-2: Base on Balls
Batting: LHB Kent Niemann 0-0: Ball
1-0: Called Strike
1-1: Swinging Strike
1-2: Ball
2-2: Foul Ball, location: 7LDF
2-2: Foul Ball, location: 2F
2-2: Foul Ball, location: 2F
2-2: SINGLE (Groundball, 4M, EV 105.0 MPH)
Jacob Cole scores
Bobby Brundage to second
Runner from 2nd tries for 3rd, SAFE, throw by CF made to third
Batting: RHB Norm Walker 0-0: Foul Ball, location: 2F
0-1: Foul Ball, location: 25F
0-2: Strikes out swinging
Batting: SHB Hugo Castillo 0-0: Called Strike
0-1: Called Strike
0-2: Ball
1-2: Foul Ball, location: 2F
1-2: Foul Ball, location: 7LDF
1-2: Foul Ball, location: 23FF
1-2: Ball
2-2: Ground out U3 (Groundball, 3L, EV 100.0 MPH)
Top of the 6th over - 2 runs, 3 hits, 0 errors, 2 left on base; Seattle 4 - San Francisco 1
BOTTOM OF THE 6TH
San Francisco Giants batting - Pitching for Seattle Mariners : RHP Errol Medrano
Batting: RHB Zavier Austin 0-0: Ball
1-0: Called Strike
1-1: Swinging Strike
1-2: Ball
2-2: Strikes out swinging
Pitching: RHP Roy Lovelace
Batting: RHB Solomon Ding 0-0: Ball
1-0: Called Strike
1-1: Ball
2-1: Foul Ball, location: 9LMF
2-2: Strikes out swinging
Batting: RHB Jackson Maul 0-0: Fly out, F9 (Line Drive, 89S, EV 93.1 MPH)
Bottom of the 6th over - 0 runs, 0 hits, 0 errors, 0 left on base; Seattle 4 - San Francisco 1
TOP OF THE 7TH
Seattle Mariners batting - Pitching for San Francisco Giants : RHP R.C. Grigsby
Batting: RHB Ty Moss 0-0: Called Strike
0-1: Foul Ball, location: 3F
0-2: Fly out, F8 (Flyball, 8RXD, EV 100.0 MPH)
Batting: RHB Alexis Loya 0-0: Foul Ball, location: 2F
0-1: Ball
1-1: Ball
2-1: Swinging Strike
2-2: Foul Ball, location: 2F
2-2: Strikes out swinging
Batting: LHB Dickie Pierce 0-0: Ball
1-0: Swinging Strike
1-1: Ball
2-1: Foul Ball, location: 5SF
2-2: Foul Ball, location: 2F
2-2: Strikes out swinging
Top of the 7th over - 0 runs, 0 hits, 0 errors, 0 left on base; Seattle 4 - San Francisco 1
BOTTOM OF THE 7TH
San Francisco Giants batting - Pitching for Seattle Mariners : RHP Roy Lovelace
Batting: RHB Rhett Damewood 0-0: Ball
1-0: Ball
2-0: Called Strike
2-1: Ground out 6-3 (Groundball, 6, EV 100.6 MPH)
Batting: SHB Elías Saucedo 0-0: Ball
1-0: Ball
2-0: Ball
3-0: Called Strike
3-1: Swinging Strike
3-2: Base on Balls
Batting: RHB Kaiden Clackum 0-0: Called Strike
0-1: Ball
1-1: Ball
2-1: Called Strike
2-2: Ball
3-2: Foul Ball, location: 2F
3-2: Fly out, F7 (Flyball, 7, EV 92.5 MPH)
Batting: RHB Nolan Peterson 0-0: Called Strike
0-1: Ball
1-1: Foul Ball, location: 3F
1-2: Strikes out swinging
Bottom of the 7th over - 0 runs, 0 hits, 0 errors, 1 left on base; Seattle 4 - San Francisco 1
TOP OF THE 8TH
Seattle Mariners batting - Pitching for San Francisco Giants : RHP R.C. Grigsby
Pitching: LHP Arturo Frank
Batting: RHB Jacob Cole 0-0: TRIPLE (Flyball, 78XD, EV 110.6 MPH)
Batting: LHB Norman Visser 0-0: Called Strike
0-1: Ball
1-1: Swinging Strike
1-2: Foul Ball, location: 7LSF
1-2: Foul Ball, location: 2F
1-2: DOUBLE (Line Drive, 5D, EV 98.1 MPH)
Jacob Cole scores
Batting: RHB Bobby Brundage 0-0: Ball
1-0: DOUBLE (Groundball, 5L, EV 103.8 MPH)
Norman Visser scores
Batting: LHB Kent Niemann 0-0: Called Strike
0-1: Swinging Strike
0-2: Foul Ball, location: 2F
0-2: Ball
1-2: Strikes out swinging
Batting: RHB Norm Walker 0-0: Ball
1-0: Ball
2-0: Called Strike
2-1: Swinging Strike
2-2: Strikes out swinging
Batting: SHB Hugo Castillo 0-0: Ball
1-0: SINGLE (Groundball, 4MD, EV 107.5 MPH)
Bobby Brundage to third
Runner from 3rd tries for Home, SAFE, throw by CF to home
Batting: RHB Ty Moss 0-0: Ball
1-0: Ground out 5-3 (Groundball, 56S, EV 81.3 MPH)
Top of the 8th over - 3 runs, 4 hits, 0 errors, 1 left on base; Seattle 7 - San Francisco 1
BOTTOM OF THE 8TH
San Francisco Giants batting - Pitching for Seattle Mariners : RHP Roy Lovelace
Pitching: LHP Adam Keef
Batting: LHB Jeff Edelman 0-0: Ground out 6-3 (Groundball, 4M, EV 86.9 MPH)
Batting: RHB Theodore Phu 0-0: Called Strike
0-1: Swinging Strike
0-2: Strikes out looking
Batting: RHB Zavier Austin 0-0: SINGLE (Line Drive, 7S, EV 96.9 MPH)
Batting: RHB Solomon Ding 0-0: Called Strike
0-1: Foul Ball, location: 3DF
0-2: Strikes out looking
Bottom of the 8th over - 0 runs, 1 hit, 0 errors, 1 left on base; Seattle 7 - San Francisco 1
TOP OF THE 9TH
Seattle Mariners batting - Pitching for San Francisco Giants : LHP Arturo Frank
Batting: RHB Alexis Loya 0-0: Foul Ball, location: 2F
0-1: Ball
1-1: Ball
2-1: Foul Ball, location: 3FF
2-2: Fly out, F8 (Line Drive, 8RM, EV 93.8 MPH)
Batting: LHB Dickie Pierce 0-0: Ball
1-0: Swinging Strike
1-1: Ground out 6-3 (Groundball, 6, EV 79.4 MPH)
Batting: RHB Jacob Cole 0-0: Called Strike
0-1: Ball
1-1: Ground out 5-3 (Groundball, 56S, EV 83.8 MPH)
Top of the 9th over - 0 runs, 0 hits, 0 errors, 0 left on base; Seattle 7 - San Francisco 1
BOTTOM OF THE 9TH
San Francisco Giants batting - Pitching for Seattle Mariners : LHP Adam Keef
Batting: RHB Jackson Maul 0-0: Called Strike
0-1: Swinging Strike
0-2: Ball
1-2: Ball
2-2: Ball
3-2: DOUBLE (Line Drive, 7LM, EV 96.9 MPH)
Batting: RHB Rhett Damewood 0-0: Ball
1-0: Ball
2-0: Ball
3-0: Called Strike
3-1: Base on Balls
Pitching: LHP Clay Jackson
Pinch Hitting: RHB Conner Lear 0-0: Called Strike
0-1: Foul Ball, location: 2F
0-2: SINGLE (Line Drive, 4D, EV 102.5 MPH)
Jackson Maul to third
Rhett Damewood to second
Batting: RHB Kaiden Clackum 0-0: Foul Ball, location: 2F
0-1: Ball
1-1: Grounds into fielders choice 6-2 (Groundball, 6, EV 80.6 MPH)
Rhett Damewood to third
Conner Lear to second
Batting: RHB Nolan Peterson 0-0: Called Strike
0-1: Foul Ball, location: 2F
0-2: Ball
1-2: Foul Ball, location: 9LDF
1-2: Strikes out swinging
Batting: LHB Jeff Edelman 0-0: Ball
1-0: Ball
2-0: Called Strike
2-1: Fly out, F8 (Line Drive, 89M, EV 94.4 MPH)
Bottom of the 9th over - 0 runs, 2 hits, 0 errors, 3 left on base; Seattle 7 - San Francisco 1
Thursday, April 18th , 2024 - OOTP Baseball 24.11 Build 85